 Dungeon Crawl Stone Soup version 0.28-a0-32-g8dfe7f97f6 (webtiles) character file.

Game seed: 6692662861651478299

145405 Sobieck the Eclecticist (level 16, -2/97 HPs)
             Began as a Deep Elf Conjurer on July 27, 2021.
             Was the Champion of Vehumet.
             Shot with an arrow by Vashnia (28 damage)
             ... on level 2 of the Snake Pit.
             The game lasted 02:18:39 (39332 turns).

Sobieck the Eclecticist (Deep Elf Conjurer)        Turns: 39332, Time: 02:18:39

Health: -2/97      AC: 13    Str: 11    XL:     16   Next: 87%
Magic:  15/38      EV: 18    Int: 31    God:    Vehumet [******]
Gold:   1182       SH:  5    Dex: 13    Spells: 20/47 levels left

rFire   + + +      SeeInvis .   O - +3 Elemental Staff {rElec rF++ rC++ Will++ AC+5}
rCold   + + +      Faith    .   f - +0 buckler
rNeg    . . .      Spirit   .   h - +1 robe "Arem" {rF+ Str+7}
rPois   +          Reflect  .   s - +2 helmet
rElec   +          Harm     .   w - scarf {rC+ rF+}
rCorr   .          Rampage  .   j - +0 pair of gloves
Will    +++..                   M - +0 pair of boots
Stlth   ++++......              I - amulet of magic regeneration {@e2}
HPRegen 0.26/turn               b - ring of poison resistance
MPRegen 0.51/turn               N - ring of wizardry

@: unable to drink
A: no potions
a: Renounce Religion


You were on level 2 of the Snake Pit.
You worshipped Vehumet.
Vehumet was exalted by your worship.
You visited 5 branches of the dungeon, and saw 27 of its levels.

You collected 3146 gold pieces.
You spent 1964 gold pieces at shops.


   Skills:
 + Level 10.0 Fighting
 + Level 13.6 Dodging
 - Level 10.0 Stealth
 - Level 4.0 Shields
 - Level 16.0 Spellcasting
 + Level 13.2 Conjurations
 - Level 10.0 Hexes
 - Level 3.0 Translocations
 - Level 13.0 Ice Magic
 - Level 2.0 Air Magic
 + Level 9.0 Earth Magic
 - Level 9.0 Evocations


You had 20 spell levels left.
You knew the following spells:

 Your Spells              Type           Power      Damage    Failure   Level
a - Magic Dart            Conj           100%       1d8       0%          1
b - Searing Ray           Conj           100%       3d7       0%          2
c - Fulminant Prism       Conj/Hex       38%        3d18      1%          4
d - Iskenderun's Mystic   Conj/Tloc      66%        2d14      1%          4
e - Ozocubu's Refrigerat  Ice            51%        4d15      1%          7
f - Swiftness             Air            54%        N/A       1%          3
g - Iron Shot             Conj/Erth      48%        9d9       1%          6

Your spell library contained the following spells:

 Spells                   Type           Power      Damage    Failure   Level
 Yara's Violent Unravell  Hex/Tmut       27%        3d12      1%          5
 Freeze                   Ice            100%       1d11      0%          1
 Shock                    Conj/Air       100%       1d9       1%          1
 Blink                    Tloc           N/A        N/A       1%          2
 Corpse Rot               Necr/Air       N/A        N/A       1%          2
 Dazzling Flash           Conj/Hex       100%       N/A       1%          3
 Frozen Ramparts          Ice            100%       1d12      1%          3
 Lesser Beckoning         Tloc           21%        N/A       1%          3
 Ozocubu's Armour         Ice            100%       N/A       1%          3
 Stone Arrow              Conj/Erth      100%       3d13      1%          3
 Tukima's Dance           Hex            72%        N/A       1%          3
 Airstrike                Air            27%        N/A       1%          4
 Animate Armour           Summ/Erth      100%       N/A       1%          4
 Hailstorm                Conj/Ice       100%       3d20      1%          4
 Passage of Golubria      Tloc           N/A        N/A       1%          4
 Bolt of Magma            Conj/Fire/Erth 51%        4d21      1%          5
 Lee's Rapid Deconstruct  Erth           44%        3d22*     1%          5
 Manifold Assault         Tloc           43%        N/A       6%          5
 Dispel Undead            Necr           24%        3d12      7%          4
 Lehudib's Crystal Spear  Conj/Erth      48%        10d11     13%         8
 Death Channel            Necr           12%        N/A       69%         6
 Shatter                  Erth           44%        3d34*     96%         9

Inventory:

Hand Weapons
 O - the +3 Elemental Staff (weapon) {rElec rF++ rC++ Will++ AC+5}
   (You acquired it on level 12 of the Dungeon)

   If the wielder is skilled in Evocations, they can discharge powerful blasts
   of elemental energy when striking with it.
   It enhances your fire, ice, earth and air magic.
   AC:        It affects your AC (+5).
   rF:        It greatly protects you from fire.
   rC:        It greatly protects you from cold.
   rElec:     It insulates you from electricity.
   Will:      It greatly increases your willpower.
Armour
 f - a +0 buckler (worn)
   (You found it on level 11 of the Dungeon)
 h - the +1 robe "Arem" (worn) {rF+ Str+7}
   (You took it off an orc wizard on level 7 of the Dungeon)

   Str:       It affects your strength (+7).
   rF:        It protects you from fire.
 j - a +0 pair of gloves (worn)
   (You found it on level 1 of the Dungeon)
 s - a +2 helmet (worn)
   (You found it on level 2 of the Snake Pit)
 w - a scarf of resistance (worn)
   (You bought it in a shop on level 8 of the Dungeon)
 M - a +0 pair of boots (worn)
   (You found it on level 10 of the Dungeon)
Jewellery
 b - a ring of poison resistance (left hand)
   (You found it on level 13 of the Dungeon)
 l - a ring of protection from fire
   (You found it on level 1 of the Dungeon)
 n - a +4 ring of protection
   (You took it off an orc on level 14 of the Dungeon)
 q - a ring of see invisible
   (You found it on level 2 of the Lair of Beasts)
 t - a +6 ring of dexterity
   (You found it on level 3 of the Lair of Beasts)
 D - a ring of protection from fire
   (You took it off an orc wizard on level 7 of the Dungeon)
 I - an amulet of magic regeneration (around neck) {@e2}
   (You bought it in a shop on level 8 of the Dungeon)
 N - a ring of wizardry (right hand)
   (You found it on level 10 of the Dungeon)
Wands
 a - a wand of digging (11)
   (You found it on level 13 of the Dungeon)
 u - a wand of flame (60)
   (You took it off Natasha on level 2 of the Dungeon)
 x - a wand of mindburst (39)
   (You took it off an orc on level 7 of the Dungeon)
 y - a wand of charming (11)
   (You found it on level 12 of the Dungeon)
 T - a wand of iceblast (4)
   (You found it on level 11 of the Dungeon)
 U - a wand of polymorph (25)
   (You found it on level 1 of the Lair of Beasts)
 W - a wand of acid (12)
   (You found it on level 1 of the Lair of Beasts)
Scrolls
 e - 11 scrolls of identify {@r1}
 m - a scroll of fear
 A - 2 scrolls of amnesia
 E - 5 scrolls of magic mapping {!r}
 F - 4 scrolls of enchant armour
 G - 3 scrolls of immolation {!r!r}
 J - 8 scrolls of teleportation {@r4}
 K - a scroll of silence {!r}
 R - 4 scrolls of fog
 X - 3 scrolls of vulnerability {!r!r}
 Y - a scroll of summoning
 Z - a scroll of holy word
Potions
 c - 8 potions of ambrosia
 d - 2 potions of magic
 g - 6 potions of attraction {!q}
 i - 4 potions of haste {@q3}
 k - 2 potions of heal wounds {@q2}
 p - a potion of cancellation
 v - 6 potions of flight
 z - 17 potions of curing {@q1}
 B - a potion of invisibility
 C - 3 potions of might
 H - 6 potions of lignification {!q}
 P - 4 potions of mutation {!q}
 S - a potion of brilliance
 V - a potion of resistance
Miscellaneous
 L - a lightning rod (4/4)
   (You found it on level 9 of the Dungeon)
 Q - a box of beasts
   (You found it on level 6 of the Lair of Beasts)

Dungeon Overview and Level Annotations

Branches:
Dungeon (15/15)            Temple (1/1) D:6            Lair (6/6) D:9
  Swamp (0/4) Lair:2        Snake (3/4) Lair:2        Slime (0/5) Lair:5
    Orc (2/2) D:10            Elf (0/3) Orc:2        Vaults (0/5) D:13
 Depths (0/5) D:15

Altars:
Ashenzari
Cheibriados
Dithmenos
Elyvilon
Gozag
Hepliaklqana
Okawaru
Qazlal
Trog
Uskayaw
Vehumet
Wu Jian
Xom
Yredelemnul
Zin
The Shining One
Beogh
Jiyva

Shops:
D:5 ?   D:6 *   D:7 (   D:8 *   D:10 *   D:12 !   D:15 :   Orc:1 !
Orc:2 [:*(:   Snake:1 :

Portals:
Trove: D:10 (give +4 ice dragon scales)

Annotations:
Lair:5 1 runed translucent door
Snake:2 Vashnia

.....###.................
...............N....(....
.........................
...................[(....
.###..................###
###...........##...#
###......######..#
##.....# ##..# #@###..#
##.# ### #### ##


You could see Vashnia.


Message History

There is a stone staircase leading down here. ๐Ÿ˜• HP[+1] MP[+1]
You start resting.
You can drink potions again. ๐Ÿ˜• HP[+9] MP[+19]
You regained 9 hp, and now have 86/97 hp.
Your mp is fully restored (38).
You start resting. ๐Ÿ˜Ž HP[+11]
Your hp is fully restored (97).
You climb downwards.
There is a stone staircase leading up, spattered with blood here.
Okay, then.
Unknown command.
Things that are here:
a +0 tower shield; a +0 scimitar {long}; the guardian serpent corpse of Aizul
i - 4 potions of haste {@q3} (gained 1)
Items here: ( )) รท.
Things that are here:
21 bolts; a +1 scimitar of electrocution {long}; a +0 arbalest {crossbow}
Items here: ( )) [.
You now have 1182 gold pieces (gained 18).
Vashnia the Elite Marksnaga comes into view.
She is wielding a +2 glaive of distortion and wearing a +2 barding of cold resistance.
A naga sharpshooter comes into view. It is wielding a +0 short sword. x2
You feel a surge of power!
The heat is drained from your surroundings.
You feel very cold.
Vashnia and the naga sharpshooters are frozen.
Vashnia resists.
Vashnia shouts!
The naga sharpshooter shouts! x2 ๐Ÿ˜Ž MP[-7]
You lost 7 mp, and now have 31/38 mp.
You feel a surge of power!
The heat is drained from your surroundings.
You feel very cold.
Vashnia and the naga sharpshooters are frozen.
Vashnia resists.
You kill the naga sharpshooter!
Vehumet accepts your kill.
You feel your power returning.
The naga sharpshooter unwields a +0 short sword.
The naga sharpshooter wields a +0 arbalest.
The naga sharpshooter shoots a bolt.
The bolt misses you.
Vashnia unwields a +2 glaive of distortion.
Its appearance distorts for a moment.
Vashnia wields a +0 longbow.
Vashnia shoots an arrow.
The arrow hits you!!
Your Fighting skill increases to level 10!
Your Earth Magic skill increases to level 9! ๐Ÿ˜ฎ HP[-32] MP[-5]
You take 32 damage, and now have 65/97 hp.
MASSIVE DAMAGE!! (PAUSE)
You lost 5 mp, and now have 26/38 mp.
You are too injured to fight recklessly!
Unknown command.
Casting: Ozocubu's Refrigeration (dangerous; 1% risk of failure)
Confirm with . or Enter, or press ? or * to list all spells.
You feel a surge of power!
The heat is drained from your surroundings.
You feel very cold.
Vashnia and the naga sharpshooter are frozen.
Vashnia resists.
You kill the naga sharpshooter!
Vehumet accepts your kill.
You feel your power returning.
Vashnia shoots an arrow.
The arrow hits you!!!
* * * LOW HITPOINT WARNING * * *
๐Ÿ˜ฑ HP[-43] MP[-4]
You take 43 damage, and now have 22/97 hp.
MASSIVE DAMAGE!! (PAUSE)
You lost 4 mp, and now have 22/38 mp.
You cannot drink potions in your current state!
Unknown command.
You cannot drink potions in your current state!
Unknown command.
You cannot drink potions in your current state!
Unknown command.
Okay, then.
You cannot drink potions in your current state!
Unknown command.
Okay, then.
Casting: Ozocubu's Refrigeration (dangerous; 1% risk of failure)
Confirm with . or Enter, or press ? or * to list all spells.
You feel a surge of power!
The heat is drained from your surroundings.
You feel very cold.
Vashnia is frozen.
Vashnia resists.
Vashnia blinks! ๐Ÿ˜ฑ HP[+1] MP[-6]
You lost 6 mp, and now have 16/38 mp. ๐Ÿ˜ฑ MP[+1] ๐Ÿ˜ฑ HP[+1] MP[+1] ๐Ÿ˜ฑ MP[+1] ๐Ÿ˜จ HP[+1] MP[+1]
You start resting.
Vashnia is nearby! ๐Ÿ˜จ MP[+1]
Casting: Ozocubu's Refrigeration (dangerous; 1% risk of failure)
Confirm with . or Enter, or press ? or * to list all spells.
You feel a surge of power!
The heat is drained from your surroundings.
You feel very cold.
Vashnia is frozen.
Vashnia resists.
Vashnia shoots an arrow.
The arrow hits you!!
You die...

Skill      XL: |  1  2  3  4  5  6  7  8  9 10 11 12 13 14 15 16 |
---------------+-------------------------------------------------+-----
Spellcasting   | 4 5 6 7 8 9 10 11 13 15 16 | 16.0
Conjurations   | 5 6 7 9 10 11 12 13 | 13.2
Hexes          | 2 4 5 7 10 | 10.0
Dodging        | 3 6 8 10 11 12 13 | 13.6
Stealth        | 4 7 9 10 | 10.0
Translocations | 2 3 |  3.0
Evocations     | 2 5 7 9 |  9.0
Fighting       | 1 3 5 7 8 9 10 | 10.0
Ice Magic      | 3 8 12 13 | 13.0
Air Magic      | 2 |  2.0
Earth Magic    | 1 4 7 9 |  9.0
Shields        | 1 4 |  4.0

Action                   |  1- 3 |  4- 6 |  7- 9 | 10-12 | 13-15 | 16-18 || total
-------------------------+-------+-------+-------+-------+-------+-------++-------
Melee: Whip              |       |     2 |     3 |     5 |     1 |       ||    11
       Rapier            |       |       |       |       |     1 |       ||     1
       Staff             |       |       |       |       |     1 |    10 ||    11
 Cast: Magic Dart        |    64 |    66 |   102 |    33 |     7 |       ||   272
       Searing Ray       |     6 |    14 |    21 |    23 |    16 |     1 ||    81
       Fulminant Prism   |       |       |    41 |   201 |   123 |    15 ||   380
       Iskenderun's Myst |       |       |     2 |    23 |    17 |     4 ||    46
       Ozocubu's Refrige |       |       |       |       |   322 |   120 ||   442
       Swiftness         |       |       |       |       |     1 |       ||     1
       Iron Shot         |       |       |       |       |       |     3 ||     3
Evoke: Wand              |       |       |       |    10 |     2 |     3 ||    15
  Use: Scroll            |       |       |    13 |     8 |    11 |     1 ||    33
       Potion            |       |       |     1 |     1 |     1 |       ||     3
 Stab: Sleeping          |       |       |       |       |     1 |       ||     1
Armor: Robe              |     1 |     9 |     5 |    42 |    10 |     6 ||    73
Dodge: Dodged            |     7 |    12 |    12 |    94 |    64 |    33 ||   222
Block: Buckler           |       |       |       |       |     2 |     7 ||     9

Levels and vault maps discovered:
D:1:      dpeg_arrival_ternary, layout_basic,
          hellmonk_ecumenical_altar_watching_god
D:2:      layout_basic, uniq_natasha, uniq_robin
D:3:      layout_loops_ring, minmay_misc_feat_five
D:4:      layout_basic, grunt_tough_drop
D:5:      layout_loops_corners, serial_shops, shop
D:6:      layout_gridville, nicolae_qazlal_eye_of_the_storm,
          minmay_temple_entry_ruins, cheibrodos_sewer_entry_bend,
          hangedman_abyss_or_decor_stabs, nicolae_shop_gadgets, uniq_pikel
D:7:      minmay_the_grid_four_pointed_star
          [minmay_the_grid_triangle_9x9_thin_v,
          minmay_the_grid_triangle_9x9_skeleton,
          minmay_the_grid_triangle_9x9_shrine,
          minmay_the_grid_triangle_9x9_corruption,
          minmay_the_grid_prize_big_room], layout_basic, serial_shops,
          nicolae_shop_window_shopping
D:8:      layout_cave_pools, serial_column_ruins, column_ruins_hut_ruined,
          column_ruins_open_large, column_ruins_open_small, column_ruins_grid_4,
          column_ruins_columns_straight, column_ruins_corridor_dead_end,
          column_ruins_columns_water, nicolae_shop_sticking_my_neck_out,
          uniq_gastronok
D:9:      layout_gridville, lair_entry_dummy, uniq_erica, uniq_erolcha
D:10:     layout_basic, hiddenorc1_lemuel, serial_shops, shop,
          nicolae_trove_entry_crystal, serial_aquarium, aquarium_bridge_square
          [aquarium_subvault_bridge, aquarium_subvault_bridge,
          aquarium_subvault_wall, aquarium_subvault_bridge],
          aquarium_bridge_square [aquarium_subvault_wall,
          aquarium_subvault_bridge, aquarium_subvault_bridge,
          aquarium_subvault_bridge], aquarium_window_1, aquarium_window_1,
          aquarium_window_1, aquarium_view_2c, aquarium_view_2c,
          aquarium_pool_four, minivault_28
D:11:     layout_roguey, minmay_alternating_orb, uniq_urug
D:12:     layout_gridville, serial_shops, shop
D:13:     layout_roguey, grunt_vaults_entry_tiered, minivault_20,
          minmay_nine_imps
D:14:     layout_loops_ring, columned_hall_lemuel, biasface_ghost_orc_armoury,
          lemuel_flame_loot_1
D:15:     grunt_enter_depths_snipers, layout_loops_ring, serial_shops, shop,
          vehumet_crystals, item_on_display_a
Temple:   nicolae_temple_the_god_donut
Lair:1:   layout_roguey
Lair:2:   layout_gridlike, skrybe_swamp_entry_bodies,
          guppyfry_snake_entry_island, nicolae_quartered_pool_medium,
          cheibrodos_lair_reptile_den, uniq_maggie
Lair:3:   nzn_winding_woodlands_stair_trap [nzn_winding_woodlands_5x15_pool,
          nzn_winding_woodlands_5x15_pathside_ponds,
          nzn_winding_woodlands_5x15_eye,
          nzn_winding_woodlands_15x15_five_gardens,
          nzn_winding_woodlands_5x15_cabin, nzn_winding_woodlands_5x15_twine,
          nzn_winding_woodlands_5x15_split_checker], layout_gridlike,
          lemuel_fruit_fields
Lair:4:   layout_layer_cave, grunt_forest_large_clearing_hut
Lair:5:   layout_long_grid, slime_altar_2, gammafunk_lair_bear_cave, uniq_sonja,
          uniq_nessos, uniq_kirke
Lair:6:   hangedman_lair_in_review, layout_hall_layers,
          guppyfry_lair_end_dragon, minmay_stone_trees_medium
Snake:1:  layout_basic, serial_shops, shop_statue
Snake:2:  layout_cave_town, uniq_aizul, uniq_vashnia
Snake:3:  layout_basic, serial_curves, eino_curves_02, eino_curves_03,
          uniq_nikola, uniq_saint_roka, uniq_roxanne, uniq_bai_suzhen
Orc:1:    layout_caves, serial_shops, nicolae_shop_crystal, special_room
          [special_room_bee], uniq_fannar
Orc:2:    grunt_orc_gardens, layout_caves, grunt_orc_garden, grunt_orc_garden,
          grunt_orc_garden, grunt_orc_garden, nicolae_shop_self_help

Notes
Turn   | Place    | Note
-------+----------+-------------------------------------------
     0 | D:1      | Sobieck the Deep Elf Conjurer began the quest for the Orb.
     0 | D:1      | Reached XP level 1. HP: 10/10 MP: 6/6
     0 | D:1      | magus.rc [v1.9.6]
   319 | D:1      | Reached XP level 2. HP: 14/15 MP: 1/8
   400 | D:1      | Learned a level 2 spell: Searing Ray
  1016 | D:1      | Noticed a golden eye
  1064 | D:1      | Found a faded altar of an unknown god.
  1065 | D:1      | Noticed an eye of devastation
  1067 | D:1      | Noticed a great orb of eyes
  1067 | D:1      | Noticed a great orb of eyes
  1137 | D:1      | Reached skill level 4 in Spellcasting
  1450 | D:2      | Reached skill level 5 in Conjurations
  1450 | D:2      | Reached XP level 3. HP: 19/19 MP: 3/10
  1888 | D:2      | Noticed Robin
  1892 | D:2      | Killed Robin
  1972 | D:2      | Reached XP level 4. HP: 24/24 MP: 8/12
  2241 | D:2      | Reached skill level 5 in Spellcasting
  2303 | D:2      | Learned a level 4 spell: Fulminant Prism
  2308 | D:2      | Learned a level 4 spell: Iskenderun's Mystic Blast
  2451 | D:2      | Reached XP level 5. HP: 28/28 MP: 10/14
  2603 | D:2      | Noticed Natasha
  2610 | D:2      | Killed Natasha
  2743 | D:2      | Reached skill level 1 in Hexes
  2783 | D:2      | Noticed Natasha
  2786 | D:2      | Killed Natasha
  2787 | D:2      | Reached skill level 6 in Conjurations
  3064 | D:2      | Noticed Natasha
  3070 | D:2      | Killed Natasha
  3192 | D:3      | Noticed a water moccasin
  3197 | D:3      | Killed a water moccasin
  3198 | D:3      | Reached skill level 6 in Spellcasting
  3198 | D:3      | Reached skill level 2 in Hexes
  3198 | D:3      | Reached XP level 6. HP: 17/32 MP: 9/17
  3202 | D:2      | HP: 8/32 [poisoned by a water moccasin]
  3556 | D:3      | Noticed a sky beast
  3567 | D:3      | Killed a sky beast
  3568 | D:3      | Reached skill level 3 in Hexes
  4537 | D:4      | Reached skill level 7 in Spellcasting
  4537 | D:4      | Reached skill level 4 in Hexes
  4537 | D:4      | Reached XP level 7. HP: 36/36 MP: 13/19
  5225 | D:4      | Reached skill level 7 in Conjurations
  5325 | D:5      | Entered Level 5 of the Dungeon
  5467 | D:5      | Noticed a troll
  5992 | D:5      | Found Sejirexu's Magic Scroll Shoppe.
  6062 | D:5      | Reached skill level 5 in Hexes
  6546 | D:5      | Reached skill level 8 in Spellcasting
  6576 | D:5      | Reached XP level 8. HP: 41/41 MP: 15/22
  6972 | D:6      | Found Urcharian's Gadget Gallery.
  7005 | D:6      | Found a staircase to the Ecumenical Temple.
  7010 | Temple   | Entered the Ecumenical Temple
  7063 | Temple   | Became a worshipper of Vehumet
  7149 | D:6      | Reached skill level 8 in Conjurations
  7149 | D:6      | Reached skill level 6 in Hexes
  7328 | D:6      | Found a stormy altar of Qazlal.
  7704 | D:6      | Noticed Pikel
  7709 | D:6      | Killed Pikel
  7710 | D:6      | Reached skill level 9 in Spellcasting
  7710 | D:6      | Reached skill level 7 in Hexes
  7779 | D:6      | Reached skill level 9 in Conjurations
  7779 | D:6      | Reached XP level 9. HP: 45/45 MP: 14/24
  7836 | D:6      | Reached skill level 8 in Hexes
  8488 | D:7      | Reached skill level 10 in Spellcasting
  8655 | D:7      | Identified the +1 robe "Arem" {rF+ Str+7}
  8695 | D:7      | Noticed a death knight
  8711 | D:8      | Reached * piety under Vehumet
  8711 | D:8      | Offered knowledge of Freeze by Vehumet.
  8714 | D:8      | Noticed a two-headed ogre
  8891 | D:7      | Reached skill level 9 in Hexes
  8905 | D:7      | Noticed a purple ugly thing
  9011 | D:7      | Noticed a komodo dragon
  9019 | D:7      | Killed a komodo dragon
  9020 | D:7      | Reached skill level 10 in Conjurations
  9020 | D:7      | Reached skill level 10 in Hexes
  9185 | D:8      | Reached skill level 3 in Dodging
  9185 | D:8      | Reached skill level 3 in Stealth
  9185 | D:8      | Reached skill level 1 in Translocations
  9185 | D:8      | Reached skill level 1 in Evocations
  9187 | D:8      | Reached skill level 1 in Fighting
  9340 | D:7      | Killed a death knight
  9341 | D:7      | Reached skill level 4 in Stealth
  9341 | D:7      | Reached skill level 2 in Translocations
  9341 | D:7      | Reached skill level 2 in Evocations
  9341 | D:7      | Reached XP level 10. HP: 29/53 MP: 10/26
  9573 | D:7      | You pick up a book of Air and begin reading...
  9573 | D:7      | You add the spells Shock, Swiftness and Airstrike to your
                  | library.
  9584 | D:7      | You pick up a book of Blasting and begin reading...
  9684 | D:7      | Reached skill level 4 in Dodging
  9703 | D:7      | Reached skill level 2 in Fighting
  9775 | D:7      | Found Tutefubeawk's Weapon Shoppe.
  9857 | D:7      | Killed a purple ugly thing
  9858 | D:7      | Reached skill level 3 in Translocations
  9858 | D:7      | Reached skill level 3 in Evocations
 10150 | D:8      | Noticed a two-headed ogre
 10202 | D:8      | Reached skill level 5 in Stealth
 10273 | D:8      | Noticed Gastronok
 10345 | D:7      | Killed a two-headed ogre
 10346 | D:7      | Reached skill level 3 in Fighting
 10346 | D:7      | Reached skill level 5 in Dodging
 10346 | D:7      | Reached skill level 4 in Evocations
 10481 | D:7      | Killed Gastronok
 10482 | D:7      | Reached skill level 6 in Dodging
 10482 | D:7      | Reached skill level 7 in Stealth
 10482 | D:7      | Reached skill level 5 in Evocations
 10507 | D:7      | Reached ** piety under Vehumet
 10508 | D:7      | Reached XP level 11. HP: 60/60 MP: 7/27
 10510 | D:7      | Killed a two-headed ogre
 10511 | D:7      | Reached skill level 4 in Fighting
 11025 | D:8      | Found Ragasumna's Neck Hole.
 11194 | D:9      | Noticed Erolcha
 11199 | D:9      | Killed Erolcha
 11200 | D:9      | Reached skill level 7 in Dodging
 11333 | D:9      | Offered knowledge of Static Discharge by Vehumet.
 11344 | D:9      | Reached skill level 6 in Evocations
 11352 | D:9      | Noticed Erica
 11518 | D:9      | Reached skill level 8 in Stealth
 11760 | D:8      | Bought an amulet of magic regeneration for 420 gold pieces
 12248 | D:9      | Found a staircase to the Lair.
 12364 | D:9      | Noticed a seven-headed hydra
 12377 | D:9      | Killed a seven-headed hydra
 12391 | D:9      | Killed Erica
 12392 | D:9      | Reached skill level 5 in Fighting
 12808 | D:10     | Entered Level 10 of the Dungeon
 12857 | D:10     | You add the spells Ozocubu's Armour and Ozocubu's
                  | Refrigeration to your library.
 12866 | D:10     | Learned a level 7 spell: Ozocubu's Refrigeration
 12899 | D:10     | Reached skill level 8 in Dodging
 12903 | D:10     | Offered knowledge of Conjure Flame by Vehumet.
 13043 | D:10     | Noticed a two-headed ogre
 13055 | D:10     | Killed a two-headed ogre
 13056 | D:10     | Reached skill level 9 in Stealth
 13056 | D:10     | Reached skill level 1 in Ice Magic
 13094 | D:10     | Found a portal to a secret trove of treasure.
 13114 | D:10     | Found Feoq's Assorted Antiques.
 13135 | D:10     | This trove needs +4 ice dragon scales to function. Give it
                  | the item?
 13189 | D:10     | Reached skill level 7 in Evocations
 13422 | D:10     | Reached skill level 2 in Ice Magic
 13498 | D:10     | Noticed a two-headed ogre
 13512 | D:10     | Killed a two-headed ogre
 13686 | D:10     | Noticed an eight-headed hydra
 13695 | D:10     | Killed an eight-headed hydra
 13735 | D:10     | Noticed an ogre mage
 13753 | D:10     | Killed an ogre mage
 13754 | D:10     | Reached skill level 3 in Ice Magic
 13754 | D:10     | Reached XP level 12. HP: 56/69 MP: 19/28
 13895 | D:10     | Noticed an eight-headed hydra
 13921 | D:10     | Reached *** piety under Vehumet
 13995 | D:10     | Noticed a catoblepas
 14086 | D:10     | Killed a catoblepas
 14087 | D:10     | Reached skill level 9 in Dodging
 14215 | D:10     | Found a staircase to the Orcish Mines.
 14341 | D:10     | Killed an eight-headed hydra
 14342 | D:10     | Reached skill level 6 in Fighting
 14550 | D:10     | HP: 14/70 [freezing wraith (6)]
 14553 | D:10     | Reached skill level 10 in Stealth
 14842 | D:10     | Reached skill level 4 in Ice Magic
 14842 | D:10     | Reached skill level 8 in Evocations
 15342 | D:10     | Offered knowledge of Hailstorm by Vehumet.
 15420 | D:10     | Noticed a seven-headed hydra
 15555 | D:10     | Noticed a two-headed ogre
 15561 | D:10     | Killed a two-headed ogre
 16065 | D:11     | Noticed a boulder beetle
 16080 | D:11     | Killed a boulder beetle
 16081 | D:11     | Reached skill level 5 in Ice Magic
 16340 | D:11     | Reached skill level 10 in Dodging
 16607 | D:11     | Reached skill level 9 in Evocations
 16865 | D:11     | Noticed a death knight
 16878 | D:11     | Reached skill level 6 in Ice Magic
 17004 | D:11     | HP: 3/71 [death knight (34)]
 17004 | D:11     | Killed a death knight
 17005 | D:11     | Reached skill level 7 in Fighting
 17369 | D:11     | Reached skill level 7 in Ice Magic
 17411 | D:11     | Noticed Urug
 17833 | D:11     | Noticed a two-headed ogre
 17846 | D:11     | Killed a two-headed ogre
 18075 | D:11     | Reached skill level 8 in Ice Magic
 18095 | D:11     | Reached XP level 13. HP: 67/76 MP: 20/29
 18191 | Lair:1   | Entered Level 1 of the Lair of Beasts
 19126 | Lair:1   | Reached skill level 9 in Ice Magic
 19283 | Lair:1   | Reached **** piety under Vehumet
 19400 | Lair:1   | Offered knowledge of Frozen Ramparts by Vehumet.
 19591 | Lair:2   | Learned a level 3 spell: Swiftness
 19649 | Lair:2   | Noticed Maggie
 19659 | Lair:2   | Killed Maggie
 19683 | Lair:2   | Reached skill level 1 in Air Magic
 19726 | Lair:2   | Reached skill level 10 in Ice Magic
 19736 | Lair:2   | Reached skill level 2 in Air Magic
 20124 | Lair:2   | Reached skill level 11 in Ice Magic
 20313 | Lair:2   | Found a staircase to the Snake Pit.
 20401 | Lair:2   | Found a staircase to the Swamp.
 20919 | Lair:2   | Reached skill level 12 in Ice Magic
 21540 | Lair:3   | Reached ***** piety under Vehumet
 21748 | Lair:3   | Offered knowledge of Iron Shot by Vehumet.
 21756 | Lair:3   | Learned a level 6 spell: Iron Shot
 22472 | Lair:3   | Reached skill level 1 in Earth Magic
 22798 | D:5      | Bought a scroll of acquirement for 520 gold pieces
 22798 | D:5      | Acquired a staff of conjuration
 23170 | Lair:3   | HP: 7/76 [seven-headed hydra (13)]
 23887 | Lair:4   | HP: 11/76 [death yak (18)]
 23889 | Lair:4   | Reached skill level 11 in Spellcasting
 23889 | Lair:4   | Reached XP level 14. HP: 13/82 MP: 26/31
 24296 | Lair:4   | Reached skill level 2 in Earth Magic
 25254 | Lair:4   | Reached skill level 3 in Earth Magic
 25833 | Lair:5   | Noticed Kirke
 25912 | Lair:5   | Killed Kirke
 25913 | Lair:5   | Reached skill level 12 in Spellcasting
 26076 | Lair:5   | Found a runed translucent door.
 26078 | Lair:5   | Found a viscous altar of Jiyva.
 26099 | Lair:5   | Noticed an acid blob
 26100 | Lair:5   | Found a staircase to the Slime Pits.
 26199 | Lair:5   | Noticed Nessos
 26204 | Lair:5   | Noticed Sonja
 26205 | Lair:5   | Killed Nessos
 26206 | Lair:5   | Reached skill level 11 in Dodging
 26206 | Lair:5   | Killed Sonja
 26775 | Lair:6   | Entered Level 6 of the Lair of Beasts
 26828 | Lair:6   | Reached skill level 4 in Earth Magic
 26829 | Lair:6   | Reached skill level 11 in Conjurations
 27171 | Lair:6   | Reached skill level 8 in Fighting
 27401 | Lair:6   | Reached skill level 13 in Spellcasting
 27702 | Lair:6   | Reached skill level 13 in Ice Magic
 27943 | Lair:6   | Offered knowledge of Freezing Cloud by Vehumet.
 28283 | Lair:6   | Reached XP level 15. HP: 88/88 MP: 20/34
 28337 | Lair:6   | Reached skill level 5 in Earth Magic
 28942 | Orc:1    | Entered Level 1 of the Orcish Mines
 28942 | Orc:1    | Found Ifuabras's Distillery.
 28942 | Orc:1    | Noticed Fannar
 28947 | Orc:1    | Killed Fannar
 29143 | Orc:1    | Bought a potion of brilliance for 56 gold pieces
 29466 | Orc:1    | You fall into a shaft and drop 1 floor!
 29466 | Orc:2    | Entered Level 2 of the Orcish Mines
 29794 | Orc:2    | Noticed an orc warlord
 29798 | Orc:2    | Killed an orc warlord
 29970 | Orc:2    | Offered knowledge of Bolt of Magma by Vehumet.
 30087 | Orc:2    | Found Sigab's General Store.
 30348 | Orc:2    | Reached skill level 14 in Spellcasting
 30403 | Orc:2    | Found Ponlikich's Book Shoppe.
 30479 | Orc:2    | Found Xost's Antique Armour Shoppe.
 30563 | Orc:2    | Found a staircase to the Elven Halls.
 30590 | Orc:2    | Found Paarriy's Self-Improvement Boutique.
 30615 | Orc:2    | Found Toaxuhi's Antique Weapon Shop.
 30617 | Orc:2    | Reached skill level 12 in Dodging
 30618 | Orc:2    | Reached skill level 6 in Earth Magic
 31237 | D:11     | Killed Urug
 31278 | D:11     | You pick up a book of Frost and begin reading...
 31278 | D:11     | You add the spells Freeze, Frozen Ramparts and Hailstorm to
                  | your library.
 31593 | D:8      | Bought a scarf of resistance for 448 gold pieces
 31967 | D:12     | Found Eret's Distillery.
 32440 | D:12     | Acquired the +3 Elemental Staff {rElec rF++ rC++ Will++
                  | AC+5}
 32441 | D:12     | Found the +3 Elemental Staff {rElec rF++ rC++ Will++ AC+5}
 33241 | D:13     | Reached skill level 12 in Conjurations
 33567 | D:13     | Reached skill level 9 in Fighting
 33827 | D:13     | Found a gate to the Vaults.
 33831 | D:13     | Reached skill level 15 in Spellcasting
 33831 | D:13     | Reached skill level 7 in Earth Magic
 33872 | D:13     | You pick up a book of Air and begin reading...
 34259 | D:14     | You pick up a book of Armaments and begin reading...
 34259 | D:14     | You add the spells Stone Arrow, Animate Armour and
                  | Lehudib's Crystal Spear to your library.
 34333 | D:14     | You pick up a book of Spatial Translocations and begin
                  | reading...
 34333 | D:14     | You add the spells Blink, Lesser Beckoning and Manifold
                  | Assault to your library.
 34405 | D:14     | Offered knowledge of Yara's Violent Unravelling by Vehumet.
 34914 | D:14     | Found a runed translucent gate.
 34916 | D:14     | Found a runed translucent gate.
 34917 | D:14     | Found a runed translucent gate.
 34917 | D:14     | Noticed Sin92's ghost (journeyman DsFi)
 34920 | D:14     | Identified the +6 plate armour of Vanlug {rPois rN+ Regen+
                  | SInv}
 34920 | D:14     | Noticed an orc warlord
 34929 | D:14     | Reached skill level 1 in Shields
 34935 | D:14     | Killed an orc warlord
 34936 | D:14     | Reached XP level 16. HP: 96/96 MP: 20/37
 34958 | D:14     | Killed Sin92's ghost
 35200 | D:14     | Identified the +0 tower shield "Zodar" {Str+4}
 35245 | D:15     | Entered Level 15 of the Dungeon
 35258 | D:15     | Identified the +7 chain mail "Tihus" {rF+ Dex+7}
 35329 | D:15     | You pick up a book of Armaments and begin reading...
 35360 | D:15     | Found the +3 pair of seven-league boots {Rampage+โˆž}
 35375 | D:15     | You pick up a book of Decay and begin reading...
 35375 | D:15     | You add the spells Corpse Rot, Dispel Undead and Death
                  | Channel to your library.
 35376 | D:15     | Found a radiant altar of Vehumet.
 35387 | D:15     | You add the spells Tukima's Dance, Passage of Golubria and
                  | Yara's Violent Unravelling to your library.
 35695 | D:15     | Found Rotutu's Book Emporium.
 35721 | D:15     | Reached skill level 2 in Shields
 36438 | D:15     | Found a staircase to the Depths.
 36749 | Snake:1  | Entered Level 1 of the Snake Pit
 36978 | D:15     | Bought a book of the Earth for 520 gold pieces
 36978 | D:15     | You pick up a book of the Earth and begin reading...
 36978 | D:15     | You add the spells Bolt of Magma and Shatter to your
                  | library.
 37239 | Snake:1  | Reached skill level 3 in Shields
 37423 | Snake:1  | Reached skill level 13 in Dodging
 37872 | Snake:1  | Reached skill level 16 in Spellcasting
 37874 | Snake:1  | Reached skill level 8 in Earth Magic
 38214 | Snake:1  | Found Doroad's Book Shop.
 38248 | Snake:2  | Reached skill level 4 in Shields
 38692 | Snake:2  | Reached ****** piety under Vehumet
 38696 | Snake:2  | Reached skill level 13 in Conjurations
 38749 | Snake:2  | You fall into a shaft and drop 1 floor!
 39095 | Snake:2  | Noticed Aizul
 39100 | Snake:2  | Killed Aizul
 39316 | Snake:2  | Noticed Vashnia
 39319 | Snake:2  | Reached skill level 10 in Fighting
 39319 | Snake:2  | Reached skill level 9 in Earth Magic
 39319 | Snake:2  | HP: 22/97 [Vashnia/arrow (43)]
 39332 | Snake:2  | Shot with an arrow by Vashnia

Vanquished Creatures
  Gastronok (D:7)
  Kirke (Lair:5)
  2 orc warlords
  Aizul (Snake:2)
  A stone giant (D:15)
  Nessos (Lair:5)
  The ghost of Sin92 the Blocker, a journeyman DsFi of Okawaru (D:14)
  2 fire dragons
  A vault guard (D:13)
  Fannar (Orc:1)
  3 boulder beetles
  15 hydras
  Erolcha (D:9)
  An ogre mage (D:10)
  3 catoblepae
  4 naga warriors (Snake:2)
  3 centaur warriors
  2 death knights
  5 anacondas
  7 two-headed ogres
  7 death yaks
  Erica (D:9)
  2 tengu warriors (D:15)
  8 naga sharpshooters
  A shock serpent (Snake:2)
  2 orc high priests (Orc:2)
  Urug (D:11)
  Sonja (Lair:5)
  8 skeletal warriors
  A fire crab (Lair:3)
  5 naga ritualists
  A swamp dragon (Lair:6)
  2 bog bodies (Lair:2)
  2 wizards (D:13)
  Pikel (D:6)
  3 lindwurms
  2 deep elf pyromancers (D:12)
  2 necromancers (D:13)
  5 orc sorcerers (Orc:2)
  7 mana vipers
  4 orc knights
  A manticore (D:12)
  10 ugly things
  5 cyclopes
  2 salamanders (Snake:2)
  3 guardian serpents
  17 elephants
  4 naga magi
  22 black mambas
  A torpor snail (Lair:6)
  5 cane toads
  A molten gargoyle (Lair:2)
  Maggie (Lair:2)
  3 freezing wraiths
  5 rime drakes
  13 komodo dragons
  A yaktaur (D:13)
  A tengu conjurer (D:14)
  2 kobold demonologists
  6 trolls
  A queen bee (Orc:1)
  3 polar bears (Lair:5)
  A hornet (D:10)
  10 blink frogs
  10 dream sheep
  2 slime creatures (D:10)
  6 shadows
  A spriggan (Lair:4)
  4 wraiths
  48 yaks
  A vampire (D:14)
  2 fire bats (Lair:2)
  4 basilisks
  6 hogs (Lair:5)
  19 humans (D:13)
  3 steam dragons
  7 vampire mosquitoes
  20 nagas
  4 wargs
  An acid dragon (shapeshifter) (D:14)
  3 acid dragons
  13 water moccasins
  3 swamp drakes (Lair:6)
  3 black bears
  2 ice beasts
  3 sky beasts
  33 orc warriors
  A black bear (shapeshifter) (D:15)
  A necrophage (D:8)
  9 ogres
  31 wolves
  6 centaurs
  A phantom (D:5)
  4 lemures (D:6)
  3 kobold brigands
  11 bullfrogs
  A gnoll sergeant (D:13)
  3 scorpions
  29 killer bees
  2 howler monkeys
  12 wights
  6 electric eels
  7 crimson imps (D:13)
  7 centaur zombies
  3 hounds
  A gnoll shaman (D:8)
  10 orc priests
  2 centaur skeletons
  3 jellies
  7 iguanas
  Natasha (thrice) (D:2)
  26 orc wizards
  A hound skeleton (D:5)
  2 howler monkey zombies
  Robin (D:2)
  12 gnolls
  12 adders
  3 shadow imps
  2 white imps
  An ufetubus (D:4)
  An adder skeleton (D:5)
  3 worms
  6 dart slugs
  69 orcs
  5 ball pythons
  5 endoplasms
  5 giant cockroaches
  6 hobgoblins
  16 jackals
  9 kobolds
  2 quokkas
  5 bats
  5 frilled lizards
  11 goblins
  5 rats
  3 bushes
817 creatures vanquished.

Vanquished Creatures (others)
  An orc high priest (D:14)
  379 fulminant prisms
  80 fungi
  129 plants
589 creatures vanquished.

Grand Total: 1406 creatures vanquished

Table legend:
 A = Non-vault XP
 B = Vault XP
 C = Vault XP percentage of total XP
 D = Non-vault monster count
 E = Vault monster count
 F = Vault count percentage of total count
                 A         B        C        D         E       F
            +---------+---------+-------+---------+---------+-------
      Total |  120825 |   86897 |  41.8 |     540 |     270 |  33.3
            +---------+---------+-------+---------+---------+-------
        D:1 |      39 |       0 |   0.0 |      21 |       0 |   0.0
        D:2 |     209 |      72 |  25.6 |      31 |      14 |  31.1
        D:3 |     352 |       0 |   0.0 |      17 |       0 |   0.0
        D:4 |     166 |      30 |  15.3 |      15 |       3 |  16.7
        D:5 |     641 |       0 |   0.0 |      19 |       0 |   0.0
        D:6 |     942 |     661 |  41.2 |      16 |       3 |  15.8
        D:7 |    2712 |    4937 |  64.5 |      15 |      14 |  48.3
        D:8 |    1257 |       0 |   0.0 |      21 |       0 |   0.0
        D:9 |    3021 |    1851 |  38.0 |      19 |       2 |   9.5
       D:10 |    5305 |    7979 |  60.1 |      27 |      29 |  51.8
       D:11 |    4317 |    6895 |  61.5 |      20 |      16 |  44.4
       D:12 |    5910 |       0 |   0.0 |      22 |       0 |   0.0
       D:13 |    4698 |   10096 |  68.2 |      19 |      36 |  65.5
       D:14 |    5646 |    5064 |  47.3 |       9 |      15 |  62.5
       D:15 |    8343 |    3182 |  27.6 |      14 |       3 |  17.6
     Lair:1 |    4491 |       0 |   0.0 |      18 |       0 |   0.0
     Lair:2 |    8686 |    2305 |  21.0 |      38 |      11 |  22.4
     Lair:3 |    1654 |    6890 |  80.6 |       7 |      17 |  70.8
     Lair:4 |   11213 |    2059 |  15.5 |      34 |       3 |   8.1
     Lair:5 |    4348 |    6146 |  58.6 |      19 |      12 |  38.7
     Lair:6 |    5554 |   14617 |  72.5 |      11 |      37 |  77.1
    Snake:1 |   16938 |       0 |   0.0 |      30 |       0 |   0.0
    Snake:2 |   19396 |    3196 |  14.1 |      42 |       3 |   6.7
    Snake:3 |     497 |       0 |   0.0 |       2 |       0 |   0.0
      Orc:1 |    1426 |    2702 |  65.5 |      24 |      25 |  51.0
      Orc:2 |    3064 |    8215 |  72.8 |      30 |      27 |  47.4
            +---------+---------+-------+---------+---------+-------

Illustrated notes

Table legend:
 A = Kills in this place as a percentage of kills in entire the game.
 B = Kills by you in this place as a percentage of kills by you in the entire game.
 C = Kills by friends in this place as a percentage of kills by friends in the entire game.
 D = Other kills in this place as a percentage of other kills in the entire game.
 E = Experience gained in this place as a percentage of experience gained in the entire game.
 F = Experience gained in this place divided by the number of levels of this place that you have seen.
                   A       B       C       D       E      F
               +-------+-------+-------+-------+-------+----------------------
         Total | 100.0 | 100.0 |   N/A |   N/A | 100.0 | 7693.4
       Dungeon |  51.9 |  51.9 |   N/A |   N/A |  40.6 | 5621.7
          Lair |  25.6 |  25.6 |   N/A |   N/A |  32.7 | 11327.2
     Snake Pit |   9.5 |   9.5 |   N/A |   N/A |  19.3 | 13342.3
  Orcish Mines |  13.1 |  13.1 |   N/A |   N/A |   7.4 | 7703.5
               +-------+-------+-------+-------+-------+----------------------

Table legend: (Time is in decaauts)
 A = Elapsed time spent in this place.
 B = Non-inter-level travel time spent in this place.
 C = Inter-level travel time spent in this place.
 D = Time resting spent in this place.
 E = Time spent auto-exploring this place.
 F = Levels seen in this place.
 G = Mean time per level.
                   A        B        C        D        E       F      G
               +--------+--------+--------+--------+--------+-----+--------+
         Total |  39541 |  36287 |   3254 |  11521 |  16634 |  27 | 1464.5 |
       Dungeon |  24598 |  22311 |   2287 |   7105 |  11028 |  15 | 1639.9 |
        Temple |     78 |     53 |     25 |      0 |     47 |   1 |   78.0 |
          Lair |  10571 |   9730 |    841 |   3126 |   3769 |   6 | 1761.8 |
     Snake Pit |   2196 |   2162 |     34 |    816 |    767 |   3 |  732.0 |
  Orcish Mines |   2096 |   2029 |     67 |    474 |   1022 |   2 | 1048.0 |
               +--------+--------+--------+--------+--------+-----+--------+

Top non-repeatable levels by time:
    D:10: 4764 daAuts
  Lair:3: 2421 daAuts
     D:7: 2010 daAuts
  Lair:6: 1934 daAuts
     D:2: 1927 daAuts
  Lair:2: 1858 daAuts
     D:9: 1834 daAuts
     D:5: 1653 daAuts
  Lair:1: 1619 daAuts
  Lair:4: 1605 daAuts
     D:6: 1602 daAuts
     D:1: 1525 daAuts
    D:14: 1438 daAuts
 Snake:1: 1425 daAuts
    D:11: 1389 daAuts
